 Dungeon Crawl Stone Soup version 0.28.0-53-g5a82cb258f (webtiles) character file.

Game seed: 1448071651091644778

69 hawla the Conjurer (level 4, -3/31 (34) HPs)
             Began as a Draconian Conjurer on June 22, 2022.
             Slain by Crazy Yiuf
             ... wielding a +4 quarterstaff of chaos
              (15 damage)
             ... on level 2 of the Dungeon.
             The game lasted 00:07:32 (2804 turns).

hawla the Conjurer (Draconian Conjurer)             Turns: 2804, Time: 00:07:33

HP:   -3/31 (34)    AC:  5    Str: 15    XL:     4   Next: 2%
MP:   11/16         EV: 12    Int: 21    God:
Gold: 59            SH:  0    Dex:  9    Spells: 4/7 levels left

rFire   . . .      SeeInvis .   (no weapon)
rCold   . . .      Faith    .   a - orb {*channel}
rNeg    . . .      Spirit   .   (armour unavailable)
rPois   .          Reflect  .   (helmet restricted)
rElec   .          Harm     .   (no cloak)
rCorr   .          Rampage  .   (no gloves)
Will    .....                   (no boots)
Stlth   ++........              (no amulet)
HPRegen 0.10/turn               c - ring of magical power
MPRegen 0.15/turn               g - +6 ring of strength

@: drained
A: AC +5, unfitting armour, cold-blooded
a: no special abilities


You were on level 2 of the Dungeon.
You visited 1 branch of the dungeon, and saw 2 of its levels.

You collected 59 gold pieces.

Inventory:

Missiles
 e - 4 poisoned darts
Armour
 a - an orb of energy (worn)
Jewellery
 c - a ring of magical power (left hand)
 d - a ring of resist corrosion
 g - a +6 ring of strength (right hand)
Scrolls
 h - a scroll of holy word
Potions
 b - a potion of might {unknown}
 f - a potion of lignification {unknown}


   Skills:
 + Level 0.8 Fighting
 + Level 2.1 Dodging
 + Level 1.9 Stealth
 + Level 2.2 Spellcasting
 + Level 5.0 Conjurations
 * Level 0.6 Evocations


You had 4 spell levels left.
You knew the following spells:

 Your Spells              Type           Power      Damage    Failure   Level
a - Magic Dart            Conj           92%        1d7       1%          1
b - Searing Ray           Conj           46%        2d6       2%          2

Your spell library contained the following spells:

 Spells                   Type           Power      Damage    Failure   Level
 Foxfire                  Conj/Fire      48%        2x1d6     4%          1
 Conjure Flame            Conj/Fire      12%        6-21      16%         3
 Dazzling Flash           Conj/Hex       24%        N/A       16%         3
 Inner Flame              Hex/Fire       2%         N/A       41%         3
 Flame Wave               Conj/Fire      12%        2d6       45%         4
 Fulminant Prism          Conj/Hex       6%         3d7       45%         4
 Iskenderun's Mystic Bla  Conj/Tloc      12%        2d5       45%         4


Dungeon Overview and Level Annotations

Branches:
Dungeon (2/15)

Altars:

Annotations:
D:2 Crazy Yiuf


Innate Abilities, Weirdness & Mutations

Your plain brown scales are hard. (AC +5)
You cannot fit into any form of body armour.
You are cold-blooded and may be slowed by cold attacks.


Message History

You barely miss the frilled lizard. The frilled lizard closely misses you.
You closely miss the frilled lizard.
Your tail-slap misses the frilled lizard.
The frilled lizard closely misses you.
You hit the frilled lizard.
You kill the frilled lizard!
No target in view!
You feel your magic capacity increase.
c - a ring of magical power (left hand)
g - a +6 ring of strength Key pressed, stopping explore.
There is a stone staircase leading down here.
You feel stronger.
g - a +6 ring of strength (right hand) Saving game... please wait.
Level annotation: 1 runed translucent door, Crazy Yiuf Welcome back, hawla the Draconian Conjurer.
Press ? for a list of commands and other information.
You open the door.
Crazy Yiuf says, "Buddy hand verde!"
Cast which spell? (? or * to list)
Aiming: Searing Ray (safe; 2% risk of failure)
Press: ? - help, Shift-Dir - straight line, f - Crazy Yiuf
Aim: Crazy Yiuf, wielding a +4 quarterstaff of chaos and wearing a +0 cloak (81% to hit)
The searing ray misses Crazy Yiuf. (Press . to maintain the ray.) Crazy Yiuf hits you with a +4 quarterstaff of chaos!
You feel drained.
The searing ray hits Crazy Yiuf!
Crazy Yiuf is moderately wounded.
Crazy Yiuf hits you with a +4 quarterstaff of chaos!
You feel drained.
The searing ray hits Crazy Yiuf.
Crazy Yiuf is heavily wounded.
Crazy Yiuf barely misses you.
The searing ray hits Crazy Yiuf.
Crazy Yiuf is severely wounded.
You finish channelling your searing ray.
Crazy Yiuf hits you with a +4 quarterstaff of chaos!
You die...

#....##### ##.....
#....# #......
♣P..P♣ ###......
♣♣.P.♣ ####........
♣♣.♣♣ #.?..##.....
♣♣.♣ ########..(.
♣.♣♣ #......#. ♣♣.♣
#...>..#. ♣@♣♣
#......#. #g#
#......#. ...
#........ #...#
#......#. #)..#
##......#. #####
#.........
###.........
########...........
#.........>......##


You could see Crazy Yiuf.

Vanquished Creatures
  Robin (D:2)
  An endoplasm (D:1)
  2 giant cockroaches
  8 hobgoblins
  3 jackals (D:1)
  3 quokkas
  5 ball pythons (D:1)
  2 frilled lizards
  15 goblins
  4 kobolds
  9 rats
53 creatures vanquished.

Notes
Turn   | Place    | Note
-------+----------+-------------------------------------------
     0 | D:1      | hawla the Draconian Conjurer began the quest for the Orb.
     0 | D:1      | Reached XP level 1. HP: 14/14 MP: 3/3
   634 | D:1      | Reached XP level 2. HP: 20/20 MP: 1/5
  1235 | D:1      | Learned a level 2 spell: Searing Ray
  1427 | D:1      | Reached XP level 3. HP: 26/26 MP: 1/6
  1716 | D:2      | Noticed Robin
  2206 | D:2      | Killed Robin
  2207 | D:2      | Reached skill level 5 in Conjurations
  2428 | D:2      | Found a runed translucent door.
  2429 | D:2      | Noticed Crazy Yiuf
  2486 | D:2      | Found a faded altar of an unknown god.
  2572 | D:2      | Reached XP level 4. HP: 34/34 MP: 7/7
  2804 | D:2      | Slain by Crazy Yiuf

Illustrated notes

Levels and vault maps discovered:
D:1:      dpeg_arrival_ratfight, layout_basic
D:2:      layout_rooms, dreamdust_ecumenical_altar_statues,
          uniq_crazy_yiuf_cottage, uniq_robin

Skill      XL: |  1  2  3 |
---------------+----------+-----
Dodging        | 2 |  2.1
Conjurations   | 5 |  5.0
Fighting       | |  0.8
Stealth        | |  1.9
Spellcasting   | |  2.2
Evocations     | |  0.6

Action                   |  1- 3 |  4- 6 || total
-------------------------+-------+-------++-------
Melee: Unarmed           |    50 |     7 ||    57
       Tailslap          |     4 |       ||     4
 Cast: Magic Dart        |    46 |       ||    46
       Searing Ray       |    11 |     1 ||    12
  Use: Scroll            |     4 |       ||     4
Armor: Skin              |    45 |     2 ||    47
Dodge: Dodged            |    77 |     8 ||    85
